 Dungeon Crawl Stone Soup version 0.20-a0-259-gc929cd2 (webtiles) character file.

417 Ryco the Magician (level 6, -8/32 HPs)
             Began as a Deep Elf Fire Elementalist on Dec 2, 2016.
             Killed from afar by Natasha (10 damage)
             ... with a magic dart
             ... on level 4 of the Dungeon.
             The game lasted 00:14:42 (1902 turns).

Ryco the Magician (Deep Elf Fire Elementalist)      Turns: 1902, Time: 00:14:44

Health: -8/32      AC:  3    Str:  5    XL:     6   Next: 61%
Magic:  10/25      EV: 13    Int: 22    God:
Gold:   146        SH:  0    Dex: 15    Spells: 3/16 levels left

rFire  . . .     SeeInvis .     q - +0 trident
rCold  . . .     Gourm    .     a - +0 robe
rNeg   . . .     Faith    .     (no shield)
rPois  .         Spirit   .     (no helmet)
rElec  .         Reflect  .     f - +0 cloak
rCorr  .         Harm     .     (no gloves)
MR     .....                    (no boots)
Stlth  ++........               (no amulet)
                                (no ring)
                                k - ring of magical power

@: no status effects
A: no striking features
a: no special abilities


You were on level 4 of the Dungeon.
You were not hungry.

You visited 1 branch of the dungeon, and saw 4 of its levels.

You collected 146 gold pieces.

Inventory:

Hand Weapons
 g - a +0 short sword
 q - a +0 trident (weapon)
Armour
 a - a +0 robe (worn)
 f - a +0 cloak (worn)
Jewellery
 k - a ring of magical power (left hand)
Scrolls
 e - 4 scrolls of identify {unknown}
 i - a scroll of noise {unknown}
 j - a scroll of remove curse {unknown}
 s - a scroll of teleportation {unknown}
Potions
 l - 3 potions of degeneration {unknown}
 o - a potion of flight {unknown}
 p - a potion of magic {unknown}
 r - a potion of lignification {unknown}
Books
 b - a book of Flames

   Spells                             Type                      Level
   a - Flame Tongue                   Conjuration/Fire             1
   b - Throw Flame                    Conjuration/Fire             2
   c - Conjure Flame                  Conjuration/Fire             3
   d - Inner Flame                    Hexes/Fire                   3
   e - Sticky Flame                   Conjuration/Fire             4
   f - Fireball                       Conjuration/Fire             5
 m - a book of Maledictions

   Spells                             Type                      Level
   a - Corona                         Hexes                        1
   b - Ensorcelled Hibernation        Hexes/Ice                    2
   c - Confuse                        Hexes                        3
   d - Tukima's Dance                 Hexes                        3
   e - Dazzling Spray                 Conjuration/Hexes            3
Comestibles
 c - 2 bread rations
 d - 2 meat rations
 h - 4 fruits
 n - 2 slices of pizza


   Skills:
 + Level 0.2 Fighting
 + Level 3.3 Dodging
 - Level 2.4 Stealth
 + Level 5.5 Spellcasting
 + Level 4.7 Conjurations
 + Level 4.9 Fire Magic


You had 3 spell levels left.
You knew the following spells:

 Your Spells              Type           Power        Failure   Level  Hunger
a - Flame Tongue          Conj/Fire      ####.        1%          1    None
c - Conjure Flame         Conj/Fire      ####....     4%          3    ##.....
f - Fireball              Conj/Fire      ####......   38%         5    #####..
s - Sticky Flame          Conj/Fire      ####....     14%         4    ####...


Dungeon Overview and Level Annotations

Branches:
Dungeon (4/15)
 Temple: D:4-7

Altars:
Dithmenos
Kikubaaqudgha
Nemelex Xobeh
Trog
Yredelemnul

Annotations:
D:4 Natasha


Message History

A frilled lizard comes into view.
There is an open door here.
You close the door.
Natasha opens the door.
Natasha claws you!
* * * LOW HITPOINT WARNING * * *
There is an open door, spattered with blood here.
Casting: Flame Tongue
Confirm with . or Enter, or press ? or * to list all spells.
Aiming: Sticky Flame
Press: ? - help, Shift-Dir - straight line, f - Natasha
Aim: Natasha The sticky flame hits Natasha.
Natasha is lightly wounded.
Natasha is covered in liquid flames!
Natasha burns!
Natasha mumbles some strange words.
Natasha glows brightly for a moment.
Natasha stares at you and mumbles some strange words.
The magic dart hits you!
You die...

.. .. ... .. .. .. ..
.. ###+##. .. #......
..
#.....#################
#.....@h...........#...
#.....#............#...
#.....#............#...
#.....######...##..##[#
#.....#...##...##..##.#
#.....#.....)..........
#.....#.)...)..........
#.....#..........h.....
#.....#..≈)≈≈.≈≈≈≈≈....


You could see Natasha (burning).

Vanquished Creatures
  Sigmund (D:2)
  A howler monkey (D:4)
  A hound (D:3)
  Natasha (D:4)
  2 orc wizards (D:4)
  4 adders
  An ooze (D:1)
  A worm (D:2)
  A dart slug (D:1)
  A leopard gecko (D:2)
  14 orcs
  9 bats
  2 bat zombies (D:2)
  3 giant cockroaches
  5 goblins
  2 hobgoblins
  A jackal (D:1)
  5 kobolds
  A quokka (D:2)
  A ball python (D:2)
  A frilled lizard (D:2)
  8 rats
  A rat zombie (D:2)
  A spectral orc (D:2)
68 creatures vanquished.

Notes
Turn   | Place    | Note
-------+----------+-------------------------------------------
     0 | D:1      | Ryco the Deep Elf Fire Elementalist began the quest for the Orb.
     0 | D:1      | Reached XP level 1. HP: 10/10 MP: 6/6
   225 | D:1      | Reached XP level 2. HP: 14/15 MP: 0/8
   470 | D:2      | Noticed Sigmund
   511 | D:2      | Found a sparkling altar of Nemelex Xobeh.
   563 | D:3      | Reached XP level 3. HP: 7/19 MP: 3/10
   568 | D:3      | Learned a level 3 spell: Conjure Flame
  1199 | D:2      | Reached skill level 4 in Spellcasting
  1251 | D:2      | Reached XP level 4. HP: 23/24 MP: 12/12
  1257 | D:2      | Learned a level 4 spell: Sticky Flame
  1258 | D:2      | Found an ancient bone altar of Kikubaaqudgha.
  1306 | D:2      | Killed Sigmund
  1306 | D:2      | Reached XP level 5. HP: 6/28 MP: 5/14
  1313 | D:2      | Learned a level 5 spell: Fireball
  1355 | D:2      | Found a basalt altar of Yredelemnul.
  1496 | D:3      | Found a bloodstained altar of Trog.
  1579 | D:3      | Reached XP level 6. HP: 30/32 MP: 15/15
  1677 | D:4      | Noticed Natasha
  1681 | D:4      | Killed Natasha
  1681 | D:4      | Reached skill level 5 in Spellcasting
  1699 | D:4      | Found a shadowy altar of Dithmenos.
  1886 | D:4      | Noticed Natasha
  1902 | D:4      | Killed from afar by Natasha

Vault maps used:
D:1:      nicolae_arrival_washed_ashore, minmay_small_reverse_x
D:2:      lemuel_zombie_altar_kikubaaqudgha,
          yredelemnul_forgotten_temple_becter, nicolae_overflow_crystal_walls,
          uniq_sigmund
D:3:      first_bread, trog_three_pillars_becter
D:4:      lemuel_crystal_altar, minivault_14, uniq_natasha

Skill      XL: |  1  2  3  4  5  6 |
---------------+-------------------+-----
Fire Magic     | 4 |  4.9
Conjurations   | 2 4 |  4.7
Spellcasting   | 4 5 |  5.5
Dodging        | 3 |  3.3
Fighting       | |  0.2
Stealth        | |  2.4

Action                   |  1- 3 |  4- 6 || total
-------------------------+-------+-------++-------
Melee: Unarmed           |     1 |       ||     1
       Short sword       |     2 |       ||     2
 Cast: Flame Tongue      |    72 |    74 ||   146
       Conjure Flame     |       |     2 ||     2
       Sticky Flame      |       |     2 ||     2
  Use: Potion            |     4 |       ||     4
  Eat: Royal jelly       |     1 |       ||     1
       Beef jerky        |       |     1 ||     1
Armor: Robe              |    13 |     1 ||    14
Dodge: Dodged            |    62 |     5 ||    67
